 Dungeon Crawl Stone Soup version 0.28-a0-1038-g9c4cb8273d (webtiles) character file.

Game seed: 383283408766813445

131292 Lavandula the Quickloader (level 17, 156/156 HPs)
             Began as a Naga Arcane Marksman on Dec 7, 2021.
             Was an Elder of Ashenzari.
             Quit the game on level 3 of the Swamp on Dec 8, 2021.
             The game lasted 01:46:11 (30552 turns).

Lavandula the Quickloader (Naga Arcane Marksman)   Turns: 30552, Time: 01:46:11

Health: 156/156    AC: 26    Str: 16    XL:     17   Next: 9%
Magic:  32/32      EV: 10    Int: 19    God:    Ashenzari [****..]
Gold:   1688       SH: 11    Dex: 21    Spells: 2/39 levels left

rFire   + + .      SeeInvis +   b - +5 demon blade (flame)
rCold   + + .      Faith    .   M - +0 buckler {rF+}
rNeg    . . .      Spirit   .   X - +2 robe "Profound Disgust" {rC+ rF+, Fort, Range} (curse)
rPois   +          Reflect  +   d - +2 helmet of the Tethered Seer {Dex+4 Slay+6 Stlth-, Bglg, Self} (curse)
rElec   .          Harm     .   t - +0 cloak "Cryptic Chagrin" {Alch, Melee} (curse)
rCorr   .          Rampage  .   G - +1 pair of gloves "Behold Eternity" {Elem, Alch} (curse)
Will    +++..      Clarity  +   l - +3 barding "Esoteric Fortune-Teller" {rC+ Slay+2, Alch, Range} (curse)
Stlth   +.........              k - amulet of the Ensconced Seer {Reflect SH+5, Evo, Self} (curse)
HPRegen 0.36/turn               D - ring "Sikhoom" {Wiz Will+}
MPRegen 0.23/turn               H - ring "Gaze Upon Infinity" {Dex+6, Range, Bglg} (curse)

@: studying Throwing, very slow
A: AC +5, large, see invisible, deformed body, poison resistance, slowness 2,
spit poison 2, naga tail 2
a: Breathe Poison Gas, Renounce Religion, Curse Item, Shatter the Chains


You were on level 3 of the Swamp.
You worshipped Ashenzari.
Ashenzari was greatly pleased with you.
You visited 5 branches of the dungeon, and saw 26 of its levels.
You visited 1 bazaar.
You also visited: Sewer, Ice Cave and Volcano.

You collected 4444 gold pieces.
You spent 2756 gold pieces at shops.

Inventory:

Hand Weapons
 a - a +1 hand crossbow of venom
 b - a +5 demon blade of flaming (weapon)
 I - a +1 vorpal arbalest
Missiles
 c - 139 bolts
 n - 7 javelins (quivered)
 L - 2 curare-tipped darts
Armour
 d - the cursed +2 helmet of the Tethered Seer (worn) {Dex+4 Slay+6 Stlth-, Bglg, Self}
   (You bought it in a shop on level 13 of the Dungeon)

   Dex:       It affects your dexterity (+4).
   Slay:      It affects your accuracy & damage with ranged weapons and melee
   (+6).
   Stlth:     It makes you less stealthy.
   It has a curse which improves the following skills: Beguiling: Conjurations,
   Hexes and Translocations.
   Introspection: Fighting and Spellcasting.
 l - the cursed +3 barding "Esoteric Fortune-Teller" (worn) {rC+ Slay+2, Alch, Range}
   (You acquired it on level 6 of the Dungeon)

   Slay:      It affects your accuracy & damage with ranged weapons and melee
   (+2).
   rC:        It protects you from cold.
   It has a curse which improves the following skills: Alchemy: Poison Magic and
   Transmutations.
   Ranged Combat: Slings, Bows, Crossbows and Throwing.
 t - the cursed +0 cloak "Cryptic Chagrin" (worn) {Alch, Melee}
   (You found it on level 4 of the Dungeon)

   It has a curse which improves the following skills: Alchemy: Poison Magic and
   Transmutations.
   Melee Combat: Short Blades, Long Blades, Axes, Maces & Flails, Polearms,
   Staves and Unarmed Combat.
 G - the cursed +1 pair of gloves "Behold Eternity" (worn) {Elem, Alch}
   (You found it on level 5 of the Dungeon)

   It has a curse which improves the following skills: Elements: Fire Magic, Ice
   Magic, Air Magic and Earth Magic.
   Alchemy:   Poison Magic and Transmutations.
 M - a +0 buckler of fire resistance (worn)
 R - a +0 troll leather armour
 X - the cursed +2 robe "Profound Disgust" (worn) {rC+ rF+, Fort, Range}
   (You found it in an ice cave)

   It has a curse which improves the following skills: Fortitude: Armour and
   Shields.
   Ranged Combat: Slings, Bows, Crossbows and Throwing.
Jewellery
 i - an amulet of guardian spirit
 k - the cursed amulet of the Ensconced Seer (around neck) {Reflect SH+5, Evo, Self}
   (You found it on level 2 of the Dungeon)

   [amulet of reflection]

   It reflects blocked missile attacks.
   SH:        It affects your SH (+5).
   It has a curse which improves the following skills: Evocations: Evocations.
   Introspection: Fighting and Spellcasting.
 D - the ring "Sikhoom" (left hand) {Wiz Will+}
   (You bought it in a shop on level 2 of the Orcish Mines)

   [ring of wizardry]

   It improves your spell success rate.
   Will:      It increases your willpower.
 E - a ring of flight
 H - the cursed ring "Gaze Upon Infinity" (right hand) {Dex+6, Range, Bglg}
   (You found it on level 8 of the Dungeon)

   [ring of dexterity]

   Dex:       It affects your dexterity (+6).
   It has a curse which improves the following skills: Ranged Combat: Slings,
   Bows, Crossbows and Throwing.
   Beguiling: Conjurations, Hexes and Translocations.
 J - a ring of ice
 K - a ring of protection from fire
 V - a +4 ring of protection
Wands
 o - a wand of flame (29)
 r - a wand of iceblast (21)
 A - a wand of paralysis (3)
 O - a wand of acid (19)
 P - a wand of polymorph (12)
 S - a wand of mindburst (8)
 Y - a wand of digging (10)
 Z - a wand of charming (4)
Scrolls
 e - 4 scrolls of blinking
 f - 6 scrolls of fog
 g - 3 scrolls of magic mapping
 m - 3 scrolls of silence
 p - 5 scrolls of fear
 s - 3 scrolls of amnesia
 y - 6 scrolls of teleportation
Potions
 h - 3 potions of might
 j - 3 potions of flight
 q - 6 potions of curing
 u - 5 potions of brilliance
 v - 5 potions of heal wounds
 w - a potion of cancellation
 x - 4 potions of haste
 z - 3 potions of magic
 B - 2 potions of attraction
 C - a potion of resistance
 F - 6 potions of mutation
 N - 3 potions of ambrosia
 T - a potion of lignification
Miscellaneous
 Q - a phial of floods
 U - a box of beasts
 W - a piece from Xom's chessboard (15/15)


   Skills:
 - Level 7.2(10.8) Fighting
 - Level 8.0(12.9) Short Blades
 - Level 12.4(15.4) Long Blades
 - Level 2.9(4.8) Polearms
 - Level 13.0(17.7) Crossbows
 - Level 8.4(10.8) Armour
 - Level 3.5 Dodging
 - Level 2.4(4.2) Shields
 - Level 8.0(11.6) Spellcasting
 - Level 7.8(11.4) Hexes
 - Level 7.1 Summonings
 + Level 7.6(11.2) Translocations
 - Level 5.3(9.8) Transmutations
 - Level 4.1(6.2) Fire Magic
 - Level 6.2(8.6) Earth Magic
 - Level 5.7(10.3) Poison Magic
 - Level 4.5(6.7) Evocations


You had 2 spell levels left.
You knew the following spells:

 Your Spells              Type           Power      Damage    Failure   Level
a - Eringya's Noxious Bo  Tmut/Pois      24%        N/A       6%          6
b - Inner Flame           Hex/Fire       44%        N/A       1%          3
c - Cause Fear            Hex            26%        N/A       1%          4
d - Summon Forest         Summ/Tloc      23%        N/A       1%          5
e - Yara's Violent Unrav  Hex/Tmut       25%        3d11      1%          5
f - Statue Form           Tmut/Erth      30%        N/A       9%          6
g - Apportation           Tloc           100%       N/A       1%          1
h - Malign Gateway        Summ/Tloc      23%        N/A       43%         7

Your spell library contained the following spells:

 Spells                   Type           Power      Damage    Failure   Level
 Beastly Appendage        Tmut           96%        N/A       1%          1
 Slow                     Hex            100%       N/A       1%          1
 Summon Small Mammal      Summ           100%       N/A       1%          1
 Wereblood                Tmut           48%        N/A       1%          2
 Animate Skeleton         Necr           22%        N/A       2%          1
 Corpse Rot               Necr/Air       22%        N/A       3%          2
 Confusing Touch          Hex            53%        N/A       1%          3
 Portal Projectile        Hex/Tloc       100%       N/A       1%          3
 Spider Form              Tmut/Pois      49%        N/A       1%          3
 Tukima's Dance           Hex            53%        N/A       1%          3
 Passage of Golubria      Tloc           52%        N/A       1%          4
 Petrify                  Tmut/Erth      46%        N/A       1%          4
 Metabolic Englaciation   Hex/Ice        16%        N/A       6%          5
 Ozocubu's Armour         Ice            12%        N/A       7%          3
 Vampiric Draining        Necr           11%        2d6       8%          3
 Dispel Undead            Necr           11%        3d9       24%         4
 Summon Hydra             Summ           19%        N/A       71%         7
 Death Channel            Necr           5%         N/A       97%         6
 Ozocubu's Refrigeration  Ice            6%         4d6       100%        7
 Summon Horrible Things   Summ           19%        N/A       100%        8


Dungeon Overview and Level Annotations

Branches:
Dungeon (14/15)            Temple (1/1) D:4            Lair (6/6) D:9
  Swamp (3/4) Lair:4       Spider (0/4) Lair:2        Slime (0/5) Lair:6
    Orc (2/2) D:10            Elf (0/3) Orc:2        Vaults (0/5) D:14
  Sewer (visited)           IceCv (visited)         Volcano (visited)

Altars:
Ashenzari
Cheibriados
Dithmenos
Elyvilon
Fedhas
Gozag
Hepliaklqana
Kikubaaqudgha
Makhleb
Nemelex Xobeh
Okawaru
Qazlal
Ru
Sif Muna
Trog
Uskayaw
Vehumet
Wu Jian
Xom
Yredelemnul
Zin
The Shining One

Shops:
D:6 [   D:9 *   D:13 *[   D:14 [   Orc:1 [   Orc:2 =:(!

Annotations:
Lair:3 1 transporter, Decritt's ghost, journeyman GrFi
Swamp:1 exclusion: oklob plant


Innate Abilities, Weirdness & Mutations

Your serpentine skin is tough. (AC +5)
You have supernaturally acute eyesight. (SInv)
Armour fits poorly on your strangely shaped body.
Your system is resistant to poisons. (rPois)
You cover ground very slowly.
You can exhale a cloud of poison.
You can use your snake-like lower body to constrict enemies.


Message History

Moving in this stuff is going to be slow.
You see here a ring of flight.
You see here a ring of flight.
You enter the shallow water.
Moving in this stuff is going to be slow.
You enter the shallow water.
Moving in this stuff is going to be slow.
Things that are here:
a +0 quarterstaff; a +0 robe You enter the shallow water.
Moving in this stuff is going to be slow.
There is a stone staircase leading up here.
You enter the shallow water.
Moving in this stuff is going to be slow.
You see here a ring of flight.
You enter the shallow water.
Moving in this stuff is going to be slow.
Done exploring.
Done exploring.
Done exploring.
Done exploring.
(D) Dungeon (T) Temple (L) Lair (S) Swamp (N) Spider Nest (M) Slime Pits (O) Orcish Mines (E) Elven Halls (V) Vaults
Where to? (Enter - Swamp:1 @ (x,y), ? - help)
What level of the Swamp? (default 1, ? - help)
You see here a ring of flight.
You enter the shallow water.
Moving in this stuff is going to be slow.
You enter the shallow water.
Moving in this stuff is going to be slow.
You enter the shallow water.
Moving in this stuff is going to be slow.
There is a stone staircase leading down here.
You climb downwards.
Found four items.
There is a stone staircase leading up here.
Unknown command.
Unknown command.
Are you sure you want to abandon this character and quit the game? (Confirm with "yes".)

≈ ≈ ≈ ,≈ ≈
,* * ≈ ≈ ≈
?≈..[.. ≈ ≈
* * , ≈,
≈...≈≈≈. ≈ *
, ≈≈ *
**≈.≈.^.≈ ≈≈
≈ * , ≈
*.≈≈≈≈.≈*∆ ,
≈≈ ** * ≈
***
*♣§≈≈≈≈≈♣♣ *
≈ ≈
♣♣.≈≈≈..♣♣ *
≈ * ≈ ≈*
*≈........♣
, *
**.≈≈≈.?≈@.♣
* ** * , *
≈≈≈≈.≈≈≈.♣
≈≈≈≈..≈≈.♣ *
≈≈.≈≈...≈♣
≈≈.≈≈≈♣..$*
,..$♣♣♣♣♣.♣♣
≈≈≈ ,* *♣♣
** ≈≈**, *
**


There were no monsters in sight!

Vanquished Creatures
  Rupert (Lair:3)
  A thorn hunter (Swamp:2)
  A fenstrider witch (Swamp:2)
  An orc warlord (Orc:1)
  3 eleionomae
  4 bunyips
  3 mummy priests (D:14)
  A yaktaur captain (D:14)
  9 hydras
  2 boulder beetles
  2 ironbound frosthearts (IceCv)
  2 centaur warriors
  3 catoblepae (Lair:6)
  7 alligators
  7 two-headed ogres
  19 death yaks
  An orc high priest (Orc:2)
  8 goliath frogs
  2 spriggan druids (Swamp:2)
  A bog body (Swamp:1)
  A lindwurm (Lair:4)
  A wizard (D:14)
  2 orc knights (Orc:1)
  10 ugly things
  4 orc sorcerers (Orc:2)
  3 deep elf pyromancers
  7 cyclopes
  5 manticores
  3 salamanders (Volcano)
  A moth of wrath (Lair:3)
  6 elephants
  2 vault sentinels (D:10)
  An ice statue (IceCv)
  2 black mambas
  2 gargoyles
  4 torpor snails
  9 cane toads
  2 yaktaurs (D:14)
  3 unseen horrors
  8 rime drakes
  An efreet (D:14)
  A demonic crawler (Lair:2)
  2 kobold demonologists (D:13)
  A tengu conjurer (D:14)
  17 komodo dragons
  7 trolls
  4 tyrant leeches
  3 meliai (D:14)
  8 hornets
  8 polar bears
  Prince Ribbit (D:8)
  A dream sheep (shapeshifter) (D:14)
  A meliai zombie (D:11)
  5 dream sheep (Lair:5)
  8 blink frogs
  3 slime creatures
  8 spriggans
  5 shadows
  16 wyverns
  5 fire bats (Volcano)
  A wraith (D:13)
  Eustachio (D:5)
  53 yaks
  11 basilisks
  4 steam dragons
  Menkaure (D:5)
  21 vampire mosquitoes
  4 wargs
  15 water moccasins
  8 swamp worms
  2 hell hounds (Lair:5)
  A swamp drake (Swamp:2)
  A sky beast (D:6)
  24 orc warriors
  A black bear (D:7)
  2 ice beasts (D:7)
  11 ogres
  40 wolves
  3 centaurs
  2 phantoms
  6 kobold brigands
  11 bullfrogs
  A gnoll sergeant (D:8)
  A wyvern zombie (D:8)
  5 scorpions
  8 killer bees
  3 troll zombies (D:10)
  3 wights (D:8)
  7 howler monkeys
  3 hounds
  3 jellies
  20 orc priests
  3 centaur zombies
  A centaur skeleton (D:6)
  A bullfrog skeleton (D:6)
  A gnoll shaman (D:8)
  Jessica (D:3)
  3 iguanas
  23 orc wizards
  6 hell rats (Lair:5)
  2 killer bee zombies
  3 ogre zombies (D:10)
  A hound skeleton (D:5)
  4 mummies
  Robin (D:3)
  9 gnolls (D:8)
  A howler monkey skeleton (D:6)
  12 adders
  6 river rats
  A white imp (D:8)
  An adder skeleton (D:4)
  3 worms (Lair:2)
  3 dart slugs
  47 orcs
  14 ball pythons
  4 endoplasms
  6 giant cockroaches
  11 goblins
  4 hobgoblins
  4 jackals (D:3)
  43 kobolds
  4 quokkas
  8 bats
  3 frilled lizards
  3 goblin skeletons (D:10)
  A hobgoblin skeleton (D:10)
  A hobgoblin zombie (D:10)
  3 orc skeletons (D:10)
  10 orc zombies (D:10)
  27 rats
815 creatures vanquished.

Vanquished Creatures (collateral kills)
  A fire dragon (Volcano)
  2 two-headed ogres (Volcano)
  A hydra (Lair:3)
  2 alligators (Swamp:2)
  A death yak (Lair:6)
  A bog body (Swamp:2)
  An ugly thing (D:14)
  An elephant (Lair:3)
  4 komodo dragons
  A kobold demonologist (D:13)
  A tengu conjurer (D:14)
  A polar bear (Lair:3)
  A tyrant leech (Swamp:2)
  A blink frog (Lair:3)
  2 slime creatures (D:12)
  6 yaks
  2 swamp worms
  2 orc warriors (Orc:2)
  2 wolves
  A nameless horror (Lair:3)
  2 orc priests (Orc:2)
  4 orc wizards (Orc:2)
  13 orcs
  2 kobolds (D:13)
55 creatures vanquished.

Vanquished Creatures (others)
  A bog body (Swamp:2)
  2 bloated husks
  A hornet (Swamp:1)
  3 spriggans
  A water moccasin (Lair:3)
  6 fungi
  109 plants
  8 snaplasher vines
131 creatures vanquished.

Grand Total: 1001 creatures vanquished

Notes
Turn   | Place    | Note
-------+----------+-------------------------------------------
     0 | D:1      | Lavandula the Naga Arcane Marksman began the quest for the
                  | Orb.
     0 | D:1      | Reached XP level 1. HP: 18/18 MP: 2/2
    89 | D:1      | Reached skill level 2 in Crossbows
   161 | D:1      | Reached XP level 2. HP: 21/25 MP: 3/3
   804 | D:2      | Reached skill level 3 in Crossbows
  1077 | D:2      | Reached XP level 3. HP: 31/31 MP: 4/4
  1500 | D:3      | Learned a level 3 spell: Inner Flame
  1536 | D:3      | Reached XP level 4. HP: 31/38 MP: 5/5
  1629 | D:3      | Reached skill level 4 in Crossbows
  1674 | D:3      | Noticed Robin
  1682 | D:3      | Killed Robin
  1909 | D:3      | Noticed a water moccasin
  1915 | D:3      | Killed a water moccasin
  1916 | D:3      | Reached skill level 5 in Crossbows
  1916 | D:3      | Reached XP level 5. HP: 16/44 MP: 6/6
  2213 | D:3      | Noticed Jessica
  2216 | D:3      | Killed Jessica
  2217 | D:3      | Reached XP level 6. HP: 48/51 MP: 7/7
  2411 | D:3      | Reached skill level 6 in Crossbows
  2611 | D:4      | Found a glowing drain.
  2650 | Sewer    | Entered a sewer
  2951 | Sewer    | Reached skill level 1 in Short Blades
  3263 | Sewer    | Reached XP level 7. HP: 50/57 MP: 8/8
  3350 | Sewer    | Learned a level 4 spell: Cause Fear
  3566 | D:4      | Found a staircase to the Ecumenical Temple.
  3577 | Temple   | Entered the Ecumenical Temple
  4351 | D:5      | Entered Level 5 of the Dungeon
  4600 | Temple   | Became a worshipper of Ashenzari the Shackled
  4653 | D:5      | Noticed Eustachio
  4662 | D:5      | Killed Eustachio
  4663 | D:5      | Reached skill level 7 in Crossbows
  4823 | D:5      | Reached XP level 8. HP: 60/64 MP: 9/9
  5159 | D:5      | Reached skill level 8 in Crossbows
  5388 | D:5      | Found a sacrificial altar of Ru.
  5390 | D:5      | Found an iron altar of Okawaru.
  5391 | D:5      | Found a glowing golden altar of the Shining One.
  5391 | D:5      | Found a basalt altar of Yredelemnul.
  5391 | D:5      | Found a snail-covered altar of Cheibriados.
  5391 | D:5      | Found an ornate altar of the Wu Jian Council.
  5410 | D:5      | Noticed Menkaure
  5417 | D:5      | Killed Menkaure
  5898 | D:6      | Reached skill level 9 in Crossbows
  6223 | D:6      | Found an opulent altar of Gozag.
  6331 | D:6      | Found Ceptucon's Antique Armour Shoppe.
  6367 | D:6      | Bought a glowing robe for 85 gold pieces
  6544 | D:6      | Found a faded altar of an unknown god.
  6544 | D:6      | Found a faded altar of an unknown god.
  6545 | D:6      | Reached * piety under Ashenzari
  6545 | D:6      | Identified a scroll of acquirement
  6546 | D:6      | Acquired the +3 barding of Hoaxyc {rC+ Slay+2}
  6560 | D:6      | Found a shadowy altar of Dithmenos.
  6562 | D:6      | Found a blossoming altar of Fedhas.
  6564 | D:6      | Found a hazy altar of Hepliaklqana.
  6646 | D:7      | Reached skill level 1 in Fire Magic
  6646 | D:7      | Reached XP level 9. HP: 72/72 MP: 11/11
  6682 | D:7      | Gained mutation: You can exhale a cloud of poison. [potion
                  | of mutation]
  6682 | D:7      | Gained mutation: You possess an exceptional clarity of
                  | mind. [potion of mutation]
  7617 | D:8      | Reached skill level 5 in Hexes
  7760 | D:8      | Noticed Prince Ribbit
  7782 | D:8      | Killed Prince Ribbit
  8329 | D:8      | Reached skill level 1 in Shields
  8619 | D:9      | Found a staircase to the Lair.
  8637 | D:9      | Reached XP level 10. HP: 82/82 MP: 12/12
  8644 | D:9      | Found Yckaliosh's Elemental Accessories.
  8754 | D:9      | Reached ** piety under Ashenzari
  8771 | D:9      | Noticed a two-headed ogre
  8786 | D:9      | Killed a two-headed ogre
  8967 | D:9      | Noticed a two-headed ogre
  8974 | D:9      | Killed a two-headed ogre
  9211 | D:10     | Entered Level 10 of the Dungeon
  9379 | D:10     | Noticed a boulder beetle
  9386 | D:10     | Killed a boulder beetle
  9394 | D:10     | Reached skill level 5 in Armour
  9488 | D:10     | Reached XP level 11. HP: 60/97 MP: 13/13
 10158 | D:10     | Found a staircase to the Orcish Mines.
 10441 | D:10     | Noticed a cyan ugly thing
 10447 | D:10     | Noticed a centaur warrior
 10453 | D:10     | Noticed a cyclops
 10456 | D:10     | Killed a cyan ugly thing
 10463 | D:10     | Killed a centaur warrior
 10464 | D:10     | Reached skill level 10 in Crossbows
 10531 | D:10     | Killed a cyclops
 10979 | D:10     | Found the +18 shield of the Gong {rElec rN+ Will+ EV-5}
 11379 | D:11     | Upgraded the game from 0.28-a0-1032-ga8db75c868 to
                  | 0.28-a0-1038-g9c4cb8273d
 11415 | D:11     | Noticed a two-headed ogre
 11416 | D:11     | Noticed a two-headed ogre
 11428 | D:11     | Killed a two-headed ogre
 11429 | D:11     | Reached skill level 5 in Spellcasting
 11429 | D:11     | Noticed a cyclops
 11452 | D:11     | Killed a cyclops
 11453 | D:11     | Reached XP level 12. HP: 70/104 MP: 23/23
 11477 | D:11     | Learned a level 5 spell: Summon Forest
 11508 | D:11     | Killed a two-headed ogre
 11531 | D:11     | Learned a level 5 spell: Yara's Violent Unravelling
 11559 | D:11     | Reached skill level 1 in Transmutations
 11559 | D:11     | Identified the +4 ring mail of Ezxehi Waga {rF+ Int+2
                  | Dex+4}
 11925 | D:11     | Reached *** piety under Ashenzari
 11966 | D:11     | Noticed a two-headed ogre
 11970 | D:11     | Killed a two-headed ogre
 12181 | D:12     | Found a frozen archway.
 12193 | IceCv    | Entered an ice cave
 12275 | IceCv    | Reached skill level 1 in Translocations
 13045 | IceCv    | Reached **** piety under Ashenzari
 13059 | IceCv    | Reached skill level 5 in Summonings
 13211 | IceCv    | Noticed a death yak
 13211 | IceCv    | Noticed an ironbound frostheart
 13211 | IceCv    | Noticed an ironbound frostheart
 13211 | IceCv    | Noticed a death yak
 13233 | IceCv    | Killed an ironbound frostheart
 13234 | IceCv    | Gained mutation: You can use your snake-like lower body to
                  | constrict enemies. [Naga growth]
 13234 | IceCv    | Reached XP level 13. HP: 86/112 MP: 25/25
 13245 | IceCv    | Reached skill level 1 in Poison Magic
 13540 | IceCv    | Reached skill level 5 in Poison Magic
 14091 | D:12     | Reached skill level 1 in Long Blades
 14227 | D:12     | Reached skill level 1 in Polearms
 14525 | D:13     | Found Focw's Armour Shop.
 14541 | D:13     | Reached skill level 5 in Short Blades
 14589 | D:13     | Found a flickering gateway to a bazaar.
 14604 | Bazaar   | Entered a bazaar
 14604 | Bazaar   | Found Pelodore's Distillery.
 14604 | Bazaar   | Found Maatwulume's Antique Armour Shoppe.
 14633 | Bazaar   | Found Deadim's General Store.
 14641 | Bazaar   | Found Olatasch's Book Emporium.
 14652 | Bazaar   | Found Pielasash's Antique Weapon Boutique.
 14671 | Bazaar   | Bought a Grand Grimoire for 476 gold pieces
 14671 | Bazaar   | Bought a book of Cantrips for 168 gold pieces
 14693 | Bazaar   | Bought a potion of curing for 45 gold pieces
 14693 | Bazaar   | Bought a potion of ambrosia for 120 gold pieces
 14693 | Bazaar   | Bought a potion of mutation for 120 gold pieces
 14828 | D:13     | Learned a level 6 spell: Eringya's Noxious Bog
 14889 | D:13     | Reached skill level 5 in Transmutations
 14999 | D:13     | Found Xupemmabu's General Store.
 15382 | D:14     | Identified the +4 great mace of Zodwenoc {drain, rElec
                  | Str+2}
 15417 | D:14     | Noticed a yaktaur captain
 15913 | D:14     | Killed a yaktaur captain
 16058 | D:14     | Found a gate to the Vaults.
 16087 | D:14     | Reached XP level 14. HP: 121/121 MP: 26/26
 16101 | D:14     | Reached skill level 11 in Crossbows
 16336 | D:14     | Found Egounk's Antique Armour Boutique.
 16629 | D:14     | Lost mutation: You possess an exceptional clarity of mind.
                  | [a neqoxec]
 17119 | D:14     | Reached skill level 12 in Crossbows
 17401 | Lair:1   | Entered Level 1 of the Lair of Beasts
 17523 | Lair:1   | Found a dark tunnel.
 17531 | Volcano  | Entered a volcano
 17752 | Volcano  | Reached skill level 13 in Crossbows
 18361 | Lair:1   | Reached skill level 5 in Long Blades
 18668 | Lair:1   | Found a snail-covered altar of Cheibriados.
 18869 | Lair:2   | Found a hole to the Spider Nest.
 19869 | Lair:2   | Acquired 826 gold pieces
 20251 | Lair:3   | Reached XP level 15. HP: 114/127 MP: 27/27
 20354 | Lair:3   | Noticed Rupert
 20364 | Lair:3   | Killed Rupert
 20750 | Lair:3   | Found a transporter.
 20767 | Lair:3   | Reached skill level 10 in Long Blades
 20864 | Lair:3   | Noticed Decritt's ghost (journeyman GrFi)
 20893 | Lair:3   | Found a bloodstained altar of Trog.
 20899 | Lair:3   | Found a transporter.
 21413 | Lair:4   | Found a staircase to the Swamp.
 22095 | D:13     | Bought the +2 helmet "Icul" {Dex+4 Slay+6 Stlth-} for 966
                  | gold pieces
 22866 | Lair:5   | Found a basalt altar of Yredelemnul.
 23623 | Lair:5   | Reached skill level 5 in Fighting
 23801 | Lair:5   | Identified the +8 rapier "Lumoox" {holy, Int+4}
 24100 | Lair:6   | Entered Level 6 of the Lair of Beasts
 24742 | Lair:6   | Found a staircase to the Slime Pits.
 24850 | Lair:6   | Reached XP level 16. HP: 68/144 MP: 27/28
 25434 | Lair:6   | Identified the +8 whip "Naeregiv" {flame, Stlth+}
 25666 | Orc:1    | Entered Level 1 of the Orcish Mines
 25701 | Orc:1    | Found Covvi's Antique Armour Boutique.
 25978 | Orc:2    | Entered Level 2 of the Orcish Mines
 26209 | Orc:2    | Found a staircase to the Elven Halls.
 26226 | Orc:2    | Learned a level 6 spell: Statue Form
 26228 | Orc:2    | Learned a level 1 spell: Apportation
 26270 | Orc:1    | Reached skill level 1 in Earth Magic
 26661 | Orc:2    | Found Ybaetorph's Book Shoppe.
 26661 | Orc:2    | Found Huuqat's Jewellery Shoppe.
 26661 | Orc:2    | Found Urayden's Weapon Emporium.
 26719 | Orc:2    | Found Veixzey's Distillery.
 26900 | Orc:2    | Bought the ring "Sikhoom" {Wiz Will+} for 596 gold pieces
 27426 | Orc:2    | Bought a potion of heal wounds for 90 gold pieces
 27426 | Orc:2    | Bought a potion of heal wounds for 90 gold pieces
 27622 | Swamp:1  | Entered Level 1 of the Swamp
 27635 | Lair:4   | Reached skill level 5 in Earth Magic
 27684 | Lair:4   | Identified the cursed +1 pair of gloves "Behold Eternity"
                  | {Elem, Alch} (You found it on level 5 of the Dungeon)
 27684 | Lair:4   | Identified the cursed +2 robe "Profound Disgust" {rC+ rF+,
                  | Fort, Range} (You found it in an ice cave)
 29307 | Swamp:2  | Noticed a fenstrider witch
 29307 | Swamp:2  | Noticed a thorn hunter
 29352 | Swamp:1  | Learned a level 7 spell: Malign Gateway
 29605 | Swamp:2  | Killed a thorn hunter
 29616 | Swamp:2  | Killed a fenstrider witch
 29617 | Swamp:2  | Reached skill level 5 in Translocations
 29926 | Swamp:2  | Reached XP level 17. HP: 156/156 MP: 22/32
 30552 | Swamp:3  | Quit the game

Illustrated notes

Levels and vault maps discovered:
D:1:      nicolae_arrival_memento_mori, layout_loops_ring
D:2:      cheibrodos_old_hovel, layout_basic
D:3:      layout_rooms, supply_closet_lemuel, kennysheep_big_empty_room,
          dk_noncrumbling_4, kennysheep_jessica_study, uniq_robin
D:4:      layout_basic, minmay_temple_entry_metal_lava, portal_sewer_entry_b
D:5:      layout_loops_corners, grunt_temple_overflow_open, minmay_checkerbox,
          uniq_eustachio, uniq_menkaure
D:6:      layout_rooms, grunt_gozag_breadcrumbs,
          chequers_temple_overflow_minitemple, serial_shops,
          nicolae_shop_overgrown_old_shop
D:7:      layout_basic, minmay_increasing_density
D:8:      nicolae_cairo_tiling_large, layout_gridville, uniq_prince_ribbit1
D:9:      layout_rooms, lair_entry_dummy, nicolae_elemental_shop
D:10:     minmay_bloctagon_deflated, layout_basic, zombieorc1_lemuel,
          minivault_27, kennysheep_cluttered_room, hellmonk_guarded_unrand_gong
D:11:     layout_stronghold, minmay_circle_x
D:12:     layout_grid_maze, portal_ice_cave_rime
D:13:     layout_cave_pools, serial_shops, bzr_entry_lakeside, shop, shop
D:14:     ragdoll_tomb_raider, layout_rooms, david_vaults_2, serial_shops,
          nicolae_shop_behind_doors, chequers_serial_rivers_micro_d,
          ebering_ghost_xom
Temple:   nicolae_temple_x_marks_the_god
Lair:1:   layout_loops_ring, lightli_volcano_entry_magma_tube,
          kennysheep_snail_temple
Lair:2:   nzn_winding_woodlands_cross [nzn_winding_woodlands_5x15_sawtooth,
          nzn_winding_woodlands_5x15_twine, nzn_winding_woodlands_5x15_eye,
          nzn_winding_woodlands_5x15_split_checker,
          nzn_winding_woodlands_15x15_boxy_spiral], layout_loops_ring,
          nicolae_spider_entry_non_spiders, infiniplex_staircase_pool_2
Lair:3:   layout_small_grid, gammafunk_ghost_wrathful_warriors, uniq_rupert
Lair:4:   layout_cave_pods, minmay_swamp_entry_swarm,
          hangedman_lair_unloving_vines
Lair:5:   layout_gridlike, basic_altar, special_room
          [special_room_mythical_zoo], grunt_megastairs_4
Lair:6:   evilmike_catoblepas_cave, layout_misc_corridors,
          dpeg_slime_entry_corner, minivault_27, chequers_serial_rivers_small_a,
          st_stairs_13
Swamp:1:  layout_basic_swamp, evilmike_swamp_ruin_house_5, swamp_pool3,
          nicolae_swamp_oklob_treasure_island
Swamp:2:  layout_falls_marsh, nicolae_swamp_long_stream, swamp_pool5,
          nicolae_swamp_catching_bugs
Swamp:3:  layout_basic_swamp, hangedman_swamp_ruin_wall, uniq_nikola
Orc:1:    layout_diamond_mine, serial_shops, nicolae_square_shop,
          nicolae_orc_crystal_geode
Orc:2:    st_orc_mages, layout_caves

Skill      XL: |  1  2  3  4  5  6  7  8  9 10 11 12 13 14 15 16 17 |
---------------+----------------------------------------------------+-----
Crossbows      | 2 3 5 6 7 9 10 13 | 13.0
Short Blades   | 2 3 4 8 |  8.0
Fire Magic     | 1 4 |  4.1
Hexes          | 6 7 |  7.8
Fighting       | 2 4 7 |  7.2
Shields        | 2 |  2.4
Evocations     | 4 |  4.5
Armour         | 5 6 8 |  8.4
Dodging        | 3 |  3.5
Spellcasting   | 6 8 |  8.0
Summonings     | 7 |  7.1
Transmutations | 3 5 |  5.3
Translocations | 3 6 7 |  7.6
Poison Magic   | 5 |  5.7
Long Blades    | 3 8 12 | 12.4
Polearms       | 2 |  2.9
Earth Magic    | 6 |  6.2

Action                   |  1- 3 |  4- 6 |  7- 9 | 10-12 | 13-15 | 16-18 || total
-------------------------+-------+-------+-------+-------+-------+-------++-------
Melee: Dagger            |       |    42 |    10 |       |       |       ||    52
       Short sword       |       |       |     6 |   104 |   340 |       ||   450
       Mace              |       |       |       |    37 |       |       ||    37
       Constrict         |       |       |       |       |   170 |   109 ||   279
       Demon blade       |       |       |       |       |   509 |   444 ||   953
 Fire: Hand crossbow     |    54 |   109 |   335 |   436 |    67 |       ||  1001
Throw: Javelin           |       |       |       |       |     4 |       ||     4
 Cast: Inner Flame       |       |       |     3 |     1 |     4 |     1 ||     9
       Cause Fear        |       |       |     1 |     2 |    11 |     1 ||    15
       Summon Forest     |       |       |       |       |    20 |    11 ||    31
       Eringya's Noxious |       |       |       |       |     2 |       ||     2
       Statue Form       |       |       |       |       |       |    10 ||    10
       Apportation       |       |       |       |       |       |     9 ||     9
Invok: Curse Item        |       |       |     2 |     4 |     1 |     1 ||     8
       Shatter the Chain |       |       |       |       |     1 |       ||     1
 Abil: Spit Poison       |    13 |    27 |    33 |       |       |       ||    73
       Breathe Poison Ga |       |       |     6 |    35 |    61 |    20 ||   122
Evoke: Box of beasts     |       |       |       |     1 |       |       ||     1
       Wand              |       |       |       |     2 |     4 |     1 ||     7
       Piece from Xom's  |       |       |       |       |     3 |     2 ||     5
       Phial of floods   |       |       |       |       |     1 |       ||     1
  Use: Scroll            |       |     5 |     9 |     1 |     7 |     2 ||    24
       Potion            |       |       |     3 |     2 |     6 |       ||    11
 Stab: Distracted        |       |       |       |       |     7 |     2 ||     9
       Sleeping          |       |       |       |       |     3 |       ||     3
       Fleeing           |       |       |       |       |     1 |       ||     1
       Invisible         |       |       |       |       |     1 |       ||     1
Armor: Robe              |     6 |    26 |    74 |   111 |   328 |    99 ||   644
       Animal skin       |       |       |    54 |       |       |       ||    54
       Troll leather arm |       |       |       |    84 |    46 |       ||   130
       Skin              |       |       |       |       |       |    59 ||    59
Dodge: Dodged            |     8 |    51 |    93 |   127 |   261 |   121 ||   661
Block: Other             |       |    19 |    48 |       |       |       ||    67
       Reflection        |       |     1 |     3 |     4 |    14 |     5 ||    27
       Buckler           |       |       |     3 |   184 |   384 |   174 ||   745

Table legend: (Time is in decaauts)
 A = Elapsed time spent in this place.
 B = Non-inter-level travel time spent in this place.
 C = Inter-level travel time spent in this place.
 D = Time resting spent in this place.
 E = Time spent auto-exploring this place.
 F = Levels seen in this place.
 G = Mean time per level.
                   A        B        C        D        E       F      G
               +--------+--------+--------+--------+--------+-----+--------+
         Total |  37159 |  34632 |   2527 |   3933 |  23641 |  30 | 1238.6 |
       Dungeon |  18927 |  17440 |   1487 |   1893 |  12484 |  14 | 1351.9 |
        Temple |    111 |     85 |     26 |      0 |     63 |   1 |  111.0 |
          Lair |   9372 |   8660 |    712 |    607 |   6755 |   6 | 1562.0 |
         Swamp |   3193 |   3123 |     70 |    430 |   2186 |   3 | 1064.3 |
  Orcish Mines |   2131 |   1900 |    231 |      3 |   1402 |   2 | 1065.5 |
        Bazaar |    133 |    133 |      0 |      0 |     70 |   1 |  133.0 |
         Sewer |    962 |    962 |      0 |    231 |    335 |   1 |  962.0 |
      Ice Cave |   1739 |   1739 |      0 |    750 |    237 |   1 | 1739.0 |
       Volcano |    588 |    588 |      0 |     18 |    107 |   1 |  588.0 |
               +--------+--------+--------+--------+--------+-----+--------+

Top non-repeatable levels by time:
    D:10: 2462 daAuts
    D:14: 2080 daAuts
 Swamp:1: 1924 daAuts
  Lair:2: 1879 daAuts
  Lair:4: 1787 daAuts
   IceCv: 1739 daAuts
     D:5: 1683 daAuts
  Lair:6: 1633 daAuts
    D:11: 1450 daAuts
  Lair:5: 1435 daAuts
  Lair:3: 1424 daAuts
     D:8: 1322 daAuts
     D:4: 1289 daAuts
 Swamp:2: 1268 daAuts
     D:3: 1249 daAuts
